 Dungeon Crawl Stone Soup version 0.31-a0-986-g5e6e4ef867 (webtiles) character file.

Game seed: 3134856555308130843

13394 pajopajo the Cleaver (level 11, 0/85 HPs)
             Began as a Minotaur Gladiator on Nov 13, 2023.
             Was a High Priest of Hepliaklqana.
             Slain by a black mamba (15 damage)
             ... on level 2 of the Lair of Beasts on Nov 20, 2023.
             The game lasted 02:02:31 (10293 turns).

pajopajo the Cleaver (Minotaur Gladiator)          Turns: 10293, Time: 02:02:32

Health: 0/85       AC: 12    Str: 27    XL:     11   Next: 75%
Magic:  14/14      EV: 15    Int:  5    God:    Hepliaklqana [*****.]
Gold:   843        SH: 15    Dex: 15    Spells: 10/10 levels left

rFire   . . .        a - +2 war axe
rCold   . . .        E - +0 kite shield
rNeg    . . .        Y - +4 leather armour of the Candlemaker {rPois}
rPois   +            c - +0 hat
rElec   .            (no cloak)
rCorr   .            (no gloves)
SInv    +            (no boots)
Will    +....        P - amulet of Demons {Reflect Fragile Str+7 SH+5 SInv}
Stlth   +            Z - ring of willpower
HPRegen 0.34/turn    U - +4 ring of protection
MPRegen 0.14/turn

%: reflection
@: mighty
A: reduced essence, horns 2, retaliatory headbutt
a: Renounce Religion, Recall Ancestor, Ancestor Identity, Transference, Idealise


You were on level 2 of the Lair of Beasts.
You worshipped Hepliaklqana.
Hepliaklqana was extremely pleased with you.
You visited 2 branches of the dungeon, and saw 12 of its levels.

You collected 843 gold pieces.

Inventory:

Hand Weapons
 a - a +2 war axe (weapon)
 h - a +1 short sword of venom
 u - a +4 morningstar of freezing
 H - a +2 spear of freezing
 J - a +1 flail of draining
Missiles
 d - 2 throwing nets
 e - 4 javelins (quivered)
 j - 77 stones
 t - 15 poisoned darts
 w - 11 boomerangs
 A - 4 curare-tipped darts
Armour
 c - a +0 hat (worn)
 E - a +0 kite shield (worn)
 L - an orb of light
 V - a +1 scale mail of poison resistance
 W - +0 acid dragon scales
 Y - the +4 leather armour of the Candlemaker (worn) {rPois}
   (You found it on level 10 of the Dungeon)

   rPois:     It protects you from poison
Magical Staves
 R - a staff of poison
Jewellery
 O - a ring of protection from cold
 P - the amulet of Demons (around neck) {Reflect Fragile Str+7 SH+5 SInv}
   (You found it on level 7 of the Dungeon)

   [amulet of reflection]

   Reflect:   It reflects blocked missile attacks.
   Str+7:     It affects your strength (+7).
   SInv:      It lets you see invisible.
   Fragile:   It will be destroyed if unequipped.
   SH+5:      It affects your SH (+5).
 U - a +4 ring of protection (right hand)
 Z - a ring of willpower (left hand)
Wands
 p - a wand of mindburst (17)
 F - a wand of flame (13)
 G - a wand of roots (16)
 I - a wand of polymorph (4)
Scrolls
 f - 6 scrolls of silence
 k - a scroll of immolation {unknown}
 l - 2 scrolls of blinking
 n - a scroll of noise {unknown}
 q - 2 scrolls of amnesia
 s - a scroll of enchant armour {unknown}
 x - a scroll of poison {unknown}
 y - a scroll of fog {unknown}
 z - 2 scrolls of enchant weapon
 C - 2 scrolls of fear
 N - 4 scrolls of teleportation
Potions
 g - 2 potions of brilliance
 i - 2 potions of cancellation
 m - 3 potions of heal wounds
 o - 3 potions of attraction
 r - a potion of berserk rage {unknown}
 v - a potion of curing {unknown}
 B - a potion of ambrosia {unknown}
 D - a potion of magic {unknown}
 M - a potion of degeneration {unknown}
 Q - 2 potions of enlightenment
 S - a potion of mutation {unknown}
 T - a potion of lignification {unknown}
 X - a potion of haste {unknown}


   Skills:
 + Level 8.8 Fighting
 + Level 7.4 Short Blades
 + Level 9.1 Axes
 + Level 7.3 Throwing
 + Level 7.8 Armour
 + Level 8.0 Dodging
 + Level 7.6 Shields
 - Level 0.1 Spellcasting
 + Level 6.4 Invocations


You had 10 spell levels left.
You didn't know any spells.
Your spell library contained the following spells:

 Spells                   Type           Power      Damage    Failure   Level
 Kiss of Death            Conj/Necr      0%         2d5       71%         1
 Magic Dart               Conj           0%         1d3       71%         1
 Call Imp                 Summ           0%         N/A       85%         2
 Cigotuvi's Dreadful Rot  Necr/Pois/Air  0%         N/A       85%         2
 Sublimation of Blood     Necr           0%         N/A       85%         2
 Wereblood                Tmut           0%         N/A       85%         2
 Confusing Touch          Hex            0%         N/A       97%         3
 Dazzling Flash           Conj/Hex       0%         N/A       97%         3
 Mephitic Cloud           Conj/Pois/Air  0%         N/A       97%         3
 Tukima's Dance           Hex            0%         N/A       97%         3
 Volatile Blastmotes      Fire/Tloc      0%         2d10      97%         3
 Dispel Undead            Necr           0%         3d6       100%        4
 Leda's Liquefaction      Hex/Erth       0%         N/A       100%        4
 Passage of Golubria      Tloc           0%         N/A       100%        4
 Summon Ice Beast         Ice/Summ       0%         N/A       100%        4
 Lee's Rapid Deconstruct  Erth           0%         3d4*      100%        5
 Summon Mana Viper        Hex/Summ       0%         N/A       100%        5
 Yara's Violent Unravell  Hex/Tmut       0%         3d3       100%        5
 Bombard                  Conj/Erth      0%         9d1       100%        6
 Death Channel            Necr           0%         N/A       100%        6
 Starburst                Conj/Fire      0%         6d3       100%        6
 Monstrous Menagerie      Summ           0%         N/A       100%        7
 Summon Hydra             Summ           0%         N/A       100%        7
 Maxwell's Capacitive Co  Air            0%         ∞         100%        8


Dungeon Overview and Level Annotations

Branches:
Dungeon (10/15)            Temple (0/1) D:5            Lair (2/5) D:10
    Orc (0/2) D:10
  Swamp: Lair:2-3    Shoals: Lair:2-3     Snake: Lair:2-3    Spider: Lair:2-3

Altars:
Ashenzari
Cheibriados
Hepliaklqana
Okawaru
Qazlal
Trog
Vehumet
Wu Jian
Yredelemnul
Zin

Shops:
D:7 ([(

Annotations:
D:9 3 runed translucent doors, pigah's ghost, journeyman OpSh


Innate Abilities, Weirdness & Mutations

Your life essence is reduced to manifest your ancestor. (-10% HP)
You have a pair of horns on your head.
You reflexively headbutt those who attack you in melee.


Message History

You block the blink frog's attack. x2
The seven-headed hydra bites you but does no damage.
The seven-headed hydra closely misses you. x2
The seven-headed hydra bites you but does no damage.
The seven-headed hydra closely misses you.
The seven-headed hydra bites you but does no damage.
The seven-headed hydra misses you. The black mamba bites you!
You slice one of the seven-headed hydra's heads off!
The six-headed hydra grows two more!
You slash the eight-headed hydra!
The eight-headed hydra is moderately wounded.
You barely miss the blink frog. You slash the blink frog!
You barely miss the black mamba. You block the blink frog's attack.
The black mamba barely misses you.
The blink frog blinks! x2
The eight-headed hydra barely misses you.
You furiously retaliate!
You headbutt the eight-headed hydra! The eight-headed hydra bites you!
You block the eight-headed hydra's attack.
The eight-headed hydra completely misses you.
The eight-headed hydra bites you! The eight-headed hydra bites you.
You block the eight-headed hydra's attack.
The eight-headed hydra misses you. The blink frog closely misses you.
The black mamba bites you.
The blink frog blinks!
You lop one of the eight-headed hydra's heads off!
The seven-headed hydra grows two more!
You slice the nine-headed hydra!! You headbutt the nine-headed hydra!
The nine-headed hydra is severely wounded.
You hit the blink frog.
You kill the blink frog!
You closely miss the black mamba. You block the black mamba's attack.
You block the nine-headed hydra's attack.
The nine-headed hydra bites you. The nine-headed hydra bites you!
* * * LOW HITPOINT WARNING * * *
The nine-headed hydra bites you but does no damage.
The nine-headed hydra misses you.
The nine-headed hydra bites you but does no damage.
You block the nine-headed hydra's attack.
The nine-headed hydra bites you but does no damage.
The nine-headed hydra barely misses you.
The black mamba bites you!
You die...

#§........)............
#......................
#......F..............
...<................#
....................##
.P..F...R...........P#
#.....D.............#
#....§@S............#
....................##
#......##.#.####....# #
##.##P# ##### ##...#P#.
. # ## #........ ###
##.......
##.#####P.#.###.
##.#.##.##....# +#
##..........####


You could see the friendly Granny the battlemage, a nine-headed hydra, a black
mamba (ally target) and 2 blink frogs.

Vanquished Creatures
  2 two-headed ogres
  2 black mambas
  A cane toad (Lair:1)
  3 komodo dragons
  A hornet (D:10)
  2 blink frogs (Lair:2)
  Sigmund (D:4)
  2 basilisks
  6 yaks
  A swamp worm (D:7)
  2 water moccasins
  2 ice beasts
  2 ogres (D:6)
  3 wolves
  2 centaurs
  A phantom (D:5)
  A kobold brigand (D:8)
  4 bullfrogs
  3 scorpions
  5 wights (D:9)
  4 killer bees (D:9)
  A wyvern simulacrum (D:7)
  3 hounds
  A jelly (D:4)
  2 orc priests
  2 centaur skeletons (D:7)
  A sleepcap (D:8)
  2 iguanas
  3 orc wizards
  A spectral killer bee (D:7)
  9 gnolls
  3 adders (D:5)
  2 white imps (D:6)
  An ufetubus (D:6)
  2 worms
  4 dart slugs
  10 orcs
  6 bats
  5 endoplasms
  8 giant cockroaches
  10 hobgoblins
  4 jackals (D:1)
  9 kobolds
  3 quokkas (D:3)
  3 ball pythons
  A frilled lizard (D:3)
  2 goblins
  8 rats
156 creatures vanquished.

Vanquished Creatures (collateral kills)
  The ghost of promet the Thaumaturge, a novice DEFE of Hepliaklqana (D:7)
  Joseph (D:8)
  2 komodo dragons
  A rime drake (Lair:2)
  2 wyverns
  11 yaks
  A steam dragon (D:6)
  A basilisk (Lair:1)
  2 acid dragons
  2 water moccasins
  3 ice beasts
  An orc warrior (D:5)
  A sky beast (D:6)
  6 wolves
  2 bullfrogs
  2 gnoll sergeants
  4 wights (D:9)
  6 killer bees (D:9)
  An electric eel (D:9)
  A lava snake (D:9)
  2 orc priests
  A gnoll bouda (D:10)
  2 jellies
  2 orc wizards (D:6)
  5 gnolls
  5 adders
  An ufetubus (D:6)
  A worm (D:3)
  11 orcs
  An endoplasm (D:3)
  2 goblins (D:4)
  3 kobolds
  A quokka (D:4)
  A bat (D:3)
89 creatures vanquished.

Vanquished Creatures (others)
  2 battlemagi
2 creatures vanquished.

Grand Total: 247 creatures vanquished

Notes
Turn   | Place    | Note
-------+----------+-------------------------------------------
     0 | D:1      | pajopajo the Minotaur Gladiator began the quest for the
                  | Orb.
     0 | D:1      | Reached XP level 1. HP: 18/18 MP: 0/0
   127 | D:1      | Reached XP level 2. HP: 25/25 MP: 1/1
   616 | D:1      | Reached XP level 3. HP: 22/30 MP: 2/2
  1605 | D:2      | Found a faded altar of an unknown god.
  1950 | D:2      | Prayed at the altar of an unknown god.
  1950 | D:2      | Became a worshipper of Hepliaklqana the Forgotten
  1950 | D:2      | Reached * piety under Hepliaklqana
  1993 | D:3      | Reached skill level 1 in Short Blades
  1993 | D:3      | Reached skill level 4 in Axes
  1993 | D:3      | Reached skill level 1 in Armour
  1993 | D:3      | Reached XP level 4. HP: 5/34 MP: 3/3
  2369 | D:3      | Reached skill level 1 in Shields
  2482 | D:3      | Reached XP level 5. HP: 40/40 MP: 4/4
  2552 | D:3      | Reached skill level 1 in Invocations
  3049 | D:4      | Noticed Sigmund
  3060 | D:4      | Killed Sigmund
  3061 | D:4      | Reached XP level 6. HP: 39/46 MP: 4/6
  3091 | D:4      | Reached ** piety under Hepliaklqana
  3094 | D:4      | Remembered your ancestor Granny as a battlemage
  3600 | D:4      | Reached XP level 7. HP: 41/53 MP: 7/7
  3813 | D:5      | Entered Level 5 of the Dungeon
  3828 | D:5      | Found a staircase to the Ecumenical Temple.
  3862 | D:5      | Found a basalt altar of Yredelemnul.
  3862 | D:5      | Found a bloodstained altar of Trog.
  3862 | D:5      | Found a radiant altar of Vehumet.
  3940 | D:5      | Reached skill level 5 in Axes
  4411 | D:5      | Reached XP level 8. HP: 16/60 MP: 8/8
  4664 | D:6      | Reached skill level 5 in Dodging
  4669 | D:6      | Reached skill level 5 in Fighting
  4798 | D:6      | Reached *** piety under Hepliaklqana
  4882 | D:6      | Found an iron altar of Okawaru.
  5056 | D:6      | Reached skill level 6 in Axes
  5173 | D:6      | Found a stormy altar of Qazlal.
  5398 | D:6      | Reached XP level 9. HP: 67/67 MP: 10/10
  5658 | D:7      | Found a runed translucent gate.
  5658 | D:7      | Found a runed translucent gate.
  5659 | D:7      | Found a runed translucent gate.
  5663 | D:7      | Noticed promet's ghost (novice DEFE)
  5730 | D:7      | Reached skill level 5 in Throwing
  5731 | D:7      | Found Zuath's Antique Weapon Emporium.
  5761 | D:7      | Found Rolyeron's Armour Shoppe.
  6025 | D:7      | Reached **** piety under Hepliaklqana
  6096 | D:7      | Found Byeczit's Weapon Emporium.
  6475 | D:7      | Reached skill level 5 in Armour
  6683 | D:7      | Identified the amulet of Demons {Reflect Fragile Str+7 SH+5
                  | SInv}
  6745 | D:8      | Found a snail-covered altar of Cheibriados.
  7018 | D:8      | Noticed Joseph
  7025 | D:8      | Killed Joseph
  7026 | D:8      | Reached skill level 5 in Short Blades
  7026 | D:8      | Reached skill level 5 in Shields
  7240 | D:8      | Reached skill level 7 in Axes
  7493 | D:8      | Reached XP level 10. HP: 69/75 MP: 12/12
  8081 | D:9      | Found a glowing silver altar of Zin.
  8082 | D:9      | Found a broken altar of Ashenzari.
  8143 | D:9      | Found a runed translucent gate.
  8144 | D:9      | Found a runed translucent gate.
  8145 | D:9      | Found a runed translucent gate.
  8145 | D:9      | Noticed a two-headed ogre
  8145 | D:9      | Noticed pigah's ghost (journeyman OpSh)
  8483 | D:9      | Reached skill level 5 in Invocations
  8490 | D:9      | Found an ornate altar of the Wu Jian Council.
  8695 | D:9      | Noticed a two-headed ogre
  8699 | D:9      | Killed a two-headed ogre
  8905 | D:7      | Killed promet's ghost
  9059 | D:10     | Entered Level 10 of the Dungeon
  9059 | D:10     | Found a staircase to the Orcish Mines.
  9124 | D:10     | Found a staircase to the Lair.
  9128 | D:10     | Reached skill level 8 in Axes
  9214 | D:10     | Noticed a two-headed ogre
  9224 | D:10     | Killed a two-headed ogre
  9467 | D:10     | Reached XP level 11. HP: 77/84 MP: 14/14
  9568 | D:10     | Identified the +4 leather armour of the Candlemaker {rPois}
  9762 | D:14     | Identified the "Kix Pikk"
  9762 | Gauntlet | Identified the "Naah"
  9762 | Gauntlet | Identified the "Makhavyo"
  9762 | Lair:1   | Entered Level 1 of the Lair of Beasts
  9762 | Lair:1   | Reached ***** piety under Hepliaklqana
 10194 | Lair:2   | Reached skill level 9 in Axes
 10283 | Lair:2   | Noticed a seven-headed hydra
 10293 | Lair:2   | Slain by a black mamba

Illustrated notes

Levels and vault maps discovered:
D:1:      matt_arrival_diagonals, layout_basic, corexii_corridor_pit,
          minmay_misc_feat_tiny
D:2:      layout_basic, chequers_ecumenical_altar_simple, serial_bayou_pond_a
D:3:      layout_basic, minmay_strange_pillars
D:4:      layout_basic, uniq_sigmund
D:5:      layout_loops_ring, grunt_temple_overflow_open,
          minmay_temple_entry_offerings, corexii_leaking_fountain
D:6:      layout_loops_cross, mainiacjoe_overflow_boulevard,
          mainiacjoe_overflow_six_doors_small, st_stairs_9
D:7:      layout_loops_ring, serial_shops, nicolae_shop_just_a_little_nook,
          nicolae_shop_rolling_square, nicolae_shop_behind_doors,
          gammafunk_ghost_necromancy, worms_lemuel
D:8:      layout_loops_ring, mainiacjoe_overflow_brackets, uniq_joseph
D:9:      layout_small_grid, nicolae_wu_jian_wuxing_cycle,
          gammafunk_temple_overflow_statue, gammafunk_ghost_split,
          nicolae_lava_and_water
D:10:     layout_rooms, david_lair_shrubbed, orc_0_dummy
Lair:1:   layout_cave_pods, gauntlet_entry_generic, infiniplex_staircase_pool_2
Lair:2:   layout_small_grid, hellmonk_spider_entry_not_the_bees, minivault_11,
          serial_bayou_shore_a, grunt_megastairs_5

Skill      XL: |  1  2  3  4  5  6  7  8  9 10 11 |
---------------+----------------------------------+-----
Fighting       | 3 4 5 6 7 8 |  8.8
Short Blades   | 1 2 3 4 5 6 7 |  7.4
Axes           | 4 5 6 7 8 9 |  9.1
Armour         | 1 2 3 4 5 6 7 |  7.8
Shields        | 1 2 3 4 5 6 7 |  7.6
Dodging        | 4 5 6 7 8 |  8.0
Invocations    | 1 2 3 4 5 6 |  6.4
Throwing       | 3 4 5 6 7 |  7.3
Spellcasting   | |  0.1

Action                     |  1- 3 |  4- 6 |  7- 9 | 10-12 || total
---------------------------+-------+-------+-------+-------++-------
  Melee: War axe           |    76 |    84 |   124 |   142 ||   426
         Headbutt          |     7 |    16 |    30 |    33 ||    86
         Punch             |       |     2 |       |       ||     2
  Throw: Javelin           |       |     2 |       |     2 ||     4
         Stone             |       |     3 |       |       ||     3
         Dart              |       |       |     4 |       ||     4
         Throwing net      |       |       |       |     2 ||     2
 Invoke: Ancestor Life: Ba |       |     1 |       |       ||     1
         Ancestor Identity |       |     1 |       |       ||     1
         Recall Ancestor   |       |       |     1 |       ||     1
  Evoke: Wand              |       |       |       |     4 ||     4
    Use: Potion            |     1 |       |       |     4 ||     5
         Scroll            |       |       |     5 |     9 ||    14
   Stab: Distracted        |       |       |     5 |     5 ||    10
 Armour: Leather armour    |    45 |     2 |       |    57 ||   104
         Chain mail        |       |    46 |    89 |     4 ||   139
         Scale mail        |       |       |       |    50 ||    50
  Dodge: Dodged            |    45 |    37 |    42 |   101 ||   225
  Block: Other             |       |    24 |    14 |       ||    38
         Reflection        |       |     1 |     3 |     4 ||     8
         Buckler           |       |       |    44 |     5 ||    49
         Kite shield       |       |       |       |   161 ||   161

Table legend: (Time is in decaauts)
 A = Elapsed time spent in this place.
 B = Non-inter-level travel time spent in this place.
 C = Inter-level travel time spent in this place.
 D = Time resting spent in this place.
 E = Time spent auto-exploring this place.
 F = Levels seen in this place.
 G = Mean time per level.
                   A        B        C        D        E       F      G
               +--------+--------+--------+--------+--------+-----+--------+
         Total |  10420 |  10315 |    105 |   2015 |   1341 |  12 |  868.3 |
       Dungeon |   9863 |   9758 |    105 |   2015 |   1341 |  10 |  986.3 |
          Lair |    557 |    557 |      0 |      0 |      0 |   2 |  278.5 |
               +--------+--------+--------+--------+--------+-----+--------+

Top non-repeatable levels by time:
     D:7: 1397 daAuts
     D:8: 1243 daAuts
     D:1: 1006 daAuts
     D:3: 987 daAuts
     D:2: 980 daAuts
     D:9: 946 daAuts
     D:4: 885 daAuts
     D:6: 859 daAuts
     D:5: 847 daAuts
    D:10: 709 daAuts
  Lair:1: 412 daAuts
  Lair:2: 144 daAuts
